 Dungeon Crawl Stone Soup version bcrawl-1.14 (webtiles) character file.

Game seed: 17997138318839180640

239 MisterOstroum the Skirmisher (level 6, -11/52 HPs)
             Began as a Human Wanderer on Sept 16, 2019.
             Was an Initiate of Makhleb.
             Killed by divine providence
             ... invoked by an orc priest
              (17 damage)
             ... on level 4 of the Dungeon.
             The game lasted 00:15:28 (2916 turns).

MisterOstroum the Skirmisher (Human Wanderer)       Turns: 2916, Time: 00:15:29

Health: -11/52     AC:  2    Str: 16    XL:     6   Next: 29%
Magic:  7/7        EV: 11    Int: 11    God:    Makhleb [......]
Gold:   102        SH:  0    Dex:  9    Spells: 5/5 levels left

rFire    . . .     SeeInvis .   a - +2 dagger
rCold    + . .     Gourm    .   (no shield)
rNeg     . . .     Faith    .   f - +0 robe
rPois    .         Spirit   .   (no helmet)
rElec    .         Reflect  .   (no cloak)
rCorr    .         Harm     .   (no gloves)
MR       .....                  (no boots)
Stlth    ++........             (no amulet)
HPRegen  0.17/turn              h - -3 ring of dexterity (curse)
MPRegen  0.10/turn              p - ring of protection from cold

@: no status effects
A: no striking features
a: Renounce Religion


You were on level 4 of the Dungeon.
You worshipped Makhleb.
Makhleb was noncommittal.
You were near starving.

You visited 1 branch of the dungeon, and saw 4 of its levels.

You collected 102 gold pieces.

Inventory:

Hand Weapons
 a - a +2 dagger (weapon)
 d - a +0 shortbow
 k - a +0 spear
 w - a cursed -3 long sword
Missiles
 g - 24 arrows
 i - 24 javelins (quivered)
 r - 541 stones
Armour
 f - a +0 robe (worn)
 j - a +0 leather armour
 u - a +0 scale mail
Jewellery
 h - a cursed -3 ring of dexterity (left hand)
 m - an uncursed ring of fire
 p - a ring of protection from cold (right hand)
Wands
 c - a wand of flame (17)
Scrolls
 n - 3 scrolls of teleportation {@r3 !r}
 o - a scroll of amnesia
 s - a scroll of blinking {@r4}
 t - a scroll of remove curse {unknown}
 v - 2 scrolls of identify {@r1}
Potions
 b - a potion of haste {@q4 !q}
 l - a potion of resistance
 x - a potion of curing {unknown}
Comestibles
 e - 5 rations {!d}


   Skills:
 - Level 6.0 Fighting
 - Level 1.6 Bows
 - Level 2.2 Armour
 - Level 1.1 Dodging
 - Level 3.0 Stealth
 + Level 1.8 Invocations
 - Level 1.2 Evocations


You had 5 spell levels left.
You didn't know any spells.
Your spell library was empty.

Dungeon Overview and Level Annotations

Branches:
Dungeon (4/12)
 Temple: D:4-7

Altars:
Cheibriados
Fedhas
Makhleb
Zin

Annotations:
D:3 exclusions: 2 orcs and 1 more exclusion, Grinder


Message History

The orc priest hits you with a +0 hand axe.
You escape the ball python's grasp.
The orc barely misses you. The orc priest barely misses you.
The ball python misses you. The ball python closely misses you.
You climb downwards.
Near the exit of the stairs, a rune flashes!
You stop descending the stairs.
Your surroundings suddenly seem different.
Found a robe and a flail.
You start resting.
You are near starving!
You start resting.
The orc is too close now for your liking.
Throwing (i - inventory. (/) - cycle)
i - 30 javelins (quivered)
Press: ? - help, Shift-Dir - straight line, f - orc
Aim: an orc, wielding a +0 dagger and wearing a +0 ring mail (hasn't noticed you)
You throw a javelin. The orc shouts!
The javelin hits the orc!
You kill the orc!
Makhleb accepts your kill.
Found 6 gold pieces.
Found a stone staircase leading up.
The orc priest shouts!
Found 216 stones.
Throwing (i - inventory. (/) - cycle)
i - 29 javelins (quivered)
Press: ? - help, Shift-Dir - straight line, f - orc priest
Aim: an orc priest, wielding a +0 hand axe and wearing a +0 leather armour You throw a javelin.
The javelin barely misses the orc priest.
Throwing (i - inventory. (/) - cycle)
i - 28 javelins (quivered)
Press: ? - help, Shift-Dir - straight line, f/p - orc priest
Aim: an orc priest, wielding a +0 hand axe and wearing a +0 leather armour You throw a javelin.
The javelin hits the orc priest but does no damage.
You hit the orc priest.
The orc priest is lightly wounded.
The orc priest calls down the wrath of Beogh upon you.
Beogh smites you!
You hit the orc priest but do no damage.
The orc priest is lightly wounded.
The orc priest closely misses you.
Throwing (i - inventory. (/) - cycle)
i - 27 javelins (quivered)
Press: ? - help, Shift-Dir - straight line, f/p - orc priest
Aim: an orc priest, wielding a +0 hand axe and wearing a +0 leather armour (lightly wounded)
You throw a javelin. The javelin hits the orc priest.
The orc priest is moderately wounded.
The orc priest calls down the wrath of Beogh upon you.
Beogh smites you!
You hit the orc priest.
The orc priest is heavily wounded.
The orc priest hits you with a +0 hand axe.
You barely miss the orc priest.
The orc priest is heavily wounded.
The orc priest hits you with a +0 hand axe.
* * * LOW HITPOINT WARNING * * *
You completely miss the orc priest.
The orc priest is heavily wounded.
Really quaff
q - a potion of heal wounds {@q2 !q}? [Y]es or [N]o only, please.
Really quaff
q - a potion of heal wounds {@q2 !q}?
You feel much better.
The orc priest hits you with a +0 hand axe!
You hit the orc priest.
The orc priest is heavily wounded.
The orc priest closely misses you.
You hit the orc priest but do no damage.
The orc priest is heavily wounded.
The orc priest hits you with a +0 hand axe.
Throwing (i - inventory. (/) - cycle)
i - 26 javelins (quivered)
Press: ? - help, Shift-Dir - straight line, f/p - orc priest
Aim: an orc priest, wielding a +0 hand axe and wearing a +0 leather armour (heavily wounded)
You throw a javelin.
The javelin closely misses the orc priest.
The orc priest hits you but does no damage.
The orc priest mumbles some strange prayers to Beogh against you.
Beogh smites you!
* * * LOW HITPOINT WARNING * * *
Throwing (i - inventory. (/) - cycle)
i - 25 javelins (quivered)
Press: ? - help, Shift-Dir - straight line, f/p - orc priest
Aim: an orc priest, wielding a +0 hand axe and wearing a +0 leather armour (heavily wounded)
You throw a javelin.
The javelin closely misses the orc priest.
You hit the orc priest.
The orc priest is severely wounded.
The orc priest barely misses you.
You barely miss the orc priest.
The orc priest is severely wounded.
The orc priest hits you with a +0 hand axe!
* * * LOW HITPOINT WARNING * * *
You closely miss the orc priest.
The orc priest is severely wounded.
The orc priest hits you but does no damage.
You closely miss the orc priest.
The orc priest is severely wounded.
The orc priest closely misses you.
You hit the orc priest.
The orc priest is severely wounded.
The orc priest calls down the wrath of Beogh upon you.
Beogh smites you!
You die...

########
##......##
##.......$##
#..........#
#...@......#
#....o.....#
#..........#
#..........(
##.......<..
..........#
#.....[....#
#..........#
#.......)..


You could see an orc priest.

Vanquished Creatures
  Sigmund (D:2)
  3 adders (D:3)
  A worm (D:2)
  2 dart slugs
  6 leopard geckos
  An orc (D:4)
  4 bats (D:1)
  2 giant cockroaches (D:1)
  6 hobgoblins
  A quokka (D:2)
  2 frilled lizards (D:2)
  4 goblins
  5 kobolds
  6 rats
44 creatures vanquished.

Notes
Turn   | Place    | Note
-------+----------+-------------------------------------------
     0 | D:1      | MisterOstroum the Human Wanderer began the quest for the
                  | Orb.
     0 | D:1      | MisterOstroum set off with the following items: a +2
                  | dagger, a potion of haste {@q4 !q}, a potion of
                  | lignification {@q6}, a +0 shortbow, a ration {!d}, a +0
                  | robe, 24 arrows
     0 | D:1      | Reached XP level 1. HP: 18/18 MP: 1/1
   224 | D:1      | Reached XP level 2. HP: 24/24 MP: 2/2
   713 | D:1      | Reached XP level 3. HP: 22/29 MP: 3/3
  1297 | D:2      | Found a glowing silver altar of Zin.
  1297 | D:2      | Found a snail-covered altar of Cheibriados.
  1299 | D:2      | Found a blossoming altar of Fedhas.
  1566 | D:2      | Noticed Sigmund
  1653 | D:2      | Reached skill level 4 in Fighting
  2054 | D:2      | Reached XP level 4. HP: 37/37 MP: 4/4
  2296 | D:2      | Found a burning altar of Makhleb.
  2301 | D:2      | Became a worshipper of Makhleb the Destroyer
  2376 | D:2      | Killed Sigmund
  2376 | D:2      | Reached skill level 6 in Fighting
  2376 | D:2      | Reached XP level 5. HP: 46/46 MP: 5/5
  2376 | D:2      | Reached XP level 6. HP: 52/52 MP: 6/6
  2537 | D:3      | Noticed Grinder
  2678 | D:3      | Found a faded altar of an unknown god.
  2724 | D:3      | Reached skill level 1 in Invocations
  2916 | D:4      | Killed from afar by an orc priest

Skill      XL: |  1  2  3  4  5  6 |
---------------+-------------------+-----
Stealth        | 3 |  3.0
Fighting       | 4 6 |  6.0
Invocations    | 1 |  1.8
Bows           | |  1.6
Armour         | |  2.2
Dodging        | |  1.1
Evocations     | |  1.2

Action                   |  1- 3 |  4- 6 || total
-------------------------+-------+-------++-------
Melee: Dagger            |   115 |    32 ||   147
       Spear             |     3 |       ||     3
       Unarmed           |       |     4 ||     4
Throw: Stone             |    17 |     1 ||    18
       Javelin           |     5 |    13 ||    18
  Use: Scroll            |     6 |     1 ||     7
       Potion            |       |     4 ||     4
 Stab: Sleeping          |     4 |     1 ||     5
  Eat: Ration            |     1 |       ||     1
       Chunk             |     1 |       ||     1
Armor: Robe              |    25 |     3 ||    28
       Skin              |       |     3 ||     3
Dodge: Dodged            |    59 |    43 ||   102
